AoeStats
← fede86sando

Arena

510857691Analyzed
2v2 RM · 1d ago on Oct 2, 2026· 50m 6s· 4 players
Game mode
Random Map
Map size
Medium (4 player)
Population
200
Speed
Normal
Resources
Standard
Victory
Conquest
Starting age
Dark Age
Ending age
Imperial Age
RankedLock teamsTeams togetherTeam positionsShared explorationLock speedFull tech treeHidden civsTurbo modeCheats
Victory
Defeat
🇮🇹 Japanese · Italy
1094
+11
🇮🇹 Franks · Italy
947
+18
🇸🇰 Japanese · Slovakia
990
-15
🇺🇸 Persians · United States
965
-14
FESHI21
5:43 Loom
12:31 Feudal Age
13:05 Horse Collar
13:12 Double-Bit Axe
14:05 Gold Mining
15:21 Wheelbarrow
20:16 Castle Age
18:26 Stone Mining
21:32 Heavy Plow
21:44 Bow Saw
22:12 Gold Shaft Mining
27:57 Imperial Age
26:02 Masonry
26:46 Fervor
26:40 Fletching
27:59 Ballistics
32:20 Hand Cart
34:07 Town Watch
35:25 Conscription
37:00 Hoardings
36:25 Bodkin Arrow
37:45 Siege Engineers
39:10 Forging
39:03 Scale Mail Armor
39:32 Squires
39:18 Arson
41:22 Chain Mail Armor
42:38 Kataparuto
43:25 Plate Mail Armor
44:47 Chemistry
44:36 Iron Casting
46:19 Blast Furnace
46:28 Bracer
46:29 Padded Archer Armor
46:51 Elite Samurai
47:50 Elite Skirmisher
48:37 Thumb Ring
49:29 Leather Archer Armor
50:01 Scale Barding Armor
49:24 Pikeman
Thunderstorm
7:27 Loom
8:17 Loom
10:36 Feudal Age
17:26 Castle Age
15:38 Arson
16:00 Fletching
16:12 Scale Mail Armor
16:29 Double-Bit Axe
25:15 Horse Collar
25:48 Town Watch
28:35 Parthian Tactics
29:26 Bodkin Arrow
29:37 Scale Barding Armor
32:50 Imperial Age
30:56 Bow Saw
30:41 Stone Mining
32:08 Chain Barding Armor
31:59 Forging
32:09 Padded Archer Armor
32:33 Murder Holes
32:51 Heavy Camel Rider
33:57 Conscription
34:43 Wheelbarrow
35:09 Bloodlines
36:52 Chemistry
36:03 Husbandry
36:35 Thumb Ring
35:51 Elite Skirmisher
37:01 Masonry
39:55 Hand Cart
39:59 Light Cavalry
42:30 Plate Barding Armor
43:45 Hussar
46:49 Kamandaran
47:04 Citadels
48:13 Heavy Plow
49:16 Two-Man Saw
48:16 Hussar
APC
8:15 Loom
11:33 Feudal Age
16:00 Castle Age
14:09 Double-Bit Axe
15:36 Gold Mining
22:22 Wheelbarrow
24:33 Hand Cart
26:20 Gold Shaft Mining
29:03 Imperial Age
26:30 Stone Mining
26:57 Bow Saw
29:41 Fletching
30:03 Forging
30:38 Bodkin Arrow
32:24 Iron Casting
32:42 Scale Mail Armor
32:54 Cavalier
34:07 Padded Archer Armor
35:10 Blast Furnace
34:30 Scale Barding Armor
35:09 Leather Archer Armor
34:19 Elite Skirmisher
37:29 Blast Furnace
37:56 Chain Mail Armor
37:59 Pikeman
39:00 Chain Barding Armor
41:43 Chemistry
42:37 Plate Mail Armor
44:08 Plate Barding Armor
46:20 Ordonnance Companies
46:26 Elite Throwing Axeman
48:11 Husbandry
fede86sando
10:53 Feudal Age
15:22 Castle Age
13:29 Double-Bit Axe
13:47 Stone Mining
14:43 Gold Mining
16:23 Pikeman
23:53 Wheelbarrow
23:05 Town Watch
25:44 Scale Mail Armor
28:37 Forging
29:28 Hand Cart
34:08 Imperial Age
33:00 Padded Archer Armor
32:51 Fletching
34:38 Leather Archer Armor
36:08 Thumb Ring
40:02 Ring Archer Armor
39:27 Bodkin Arrow
39:06 Heavy Cavalry Archer
40:12 Parthian Tactics
41:15 Chemistry
41:13 Gambesons
41:30 Squires
44:19 Gold Shaft Mining
43:08 Man-at-Arms
45:52 Bracer
46:50 Conscription
49:22 Long Swordsman
Connection lost

Rejoining the realm…

Still unreachable

The connection could not be restored.

Session expired

The server has moved on; the page needs a fresh start.